 Dungeon Crawl Stone Soup version 0.26-a0-778-g3fe0686644 (webtiles) character file.

Game seed: 6826712737714456632

5424 marklar909 the Destroyer (level 10, 0/81 HPs)
             Began as a White Draconian Conjurer on Nov 10, 2020.
             Was a Priest of Sif Muna.
             Engulfed by a cloud of steam (11 damage)
             ... on level 9 of the Dungeon.
             The game lasted 00:14:36 (12520 turns).

marklar909 the Destroyer (DrCj)                    Turns: 12520, Time: 00:14:37

Health: 0/81       AC:  7    Str: 11    XL:     10   Next: 40%
Magic:  9/20       EV: 14    Int: 21    God:    Sif Muna [***...]
Gold:   357        SH:  0    Dex:  9    Spells: 16/22 levels left

rFire    . . .     SeeInvis +     - Unarmed
rCold    + . .     Faith    .   (no shield)
rNeg     . . .     Spirit   .   (armour unavailable)
rPois    .         Reflect  .   (helmet restricted)
rElec    .         Harm     .   (no cloak)
rCorr    .         Rampage  .   (no gloves)
MR       +....                  (no boots)
Stlth    +++.......             (no amulet)
HPRegen  0.23/turn              l - ring of see invisible
MPRegen  0.17/turn              f - ring of protection from magic

@: short of breath
A: breathe frost, unfitting armour, cold resistance 1, cold-blooded, AC +7
a: Breathe Frost, Channel Magic, Forget Spell, Renounce Religion


You were on level 9 of the Dungeon.
You worshipped Sif Muna.
Sif Muna was most pleased with you.
You visited 1 branch of the dungeon, and saw 9 of its levels.

You collected 456 gold pieces.
You spent 99 gold pieces at shops.

Inventory:

Armour
 t - a cursed +1 kite shield
Jewellery
 f - a ring of protection from magic (right hand)
 l - a ring of see invisible (left hand)
 s - an uncursed ring of wizardry {unknown}
 B - an uncursed ring of magical power {unknown}
Wands
 r - a wand of acid (5)
Scrolls
 d - 7 scrolls of identify
 e - 7 scrolls of remove curse
 g - 2 scrolls of fear
 i - 4 scrolls of amnesia
 k - a scroll of blinking {unknown}
 m - a scroll of fog
 n - a scroll of enchant armour
 o - 2 scrolls of teleportation
 w - a scroll of immolation {unknown}
 y - a scroll of enchant weapon {unknown}
 A - a scroll of random uselessness {unknown}
Potions
 a - 2 potions of heal wounds
 b - 6 potions of haste
 c - 2 potions of lignification
 h - 5 potions of berserk rage
 j - 2 potions of curing
 p - 5 potions of flight
 q - a potion of invisibility {unknown}
 u - 2 potions of might
 v - 2 potions of attraction {unknown}
 x - a potion of degeneration
 z - a potion of brilliance


   Skills:
 * Level 5.0 Fighting
 + Level 5.6 Dodging
 + Level 5.1 Stealth
 * Level 4.5 Shields
 + Level 5.7 Unarmed Combat
 + Level 6.8 Spellcasting
 + Level 8.2 Conjurations
 + Level 0.1 Evocations


You had 16 spell levels left.
You knew the following spells:

 Your Spells              Type           Power        Failure   Level
a - Magic Dart            Conj           ####         1%          1
b - Searing Ray           Conj           #####.       1%          2
c - Dazzling Flash        Conj/Hex       ###...       4%          3

Your spell library contained the following spells:

 Spells                   Type           Power        Failure   Level
 Sting                    Tmut/Pois      #...         9%          1
 Mephitic Cloud           Conj/Pois/Air  ###.....     9%          3
 Poisonous Vapours        Pois/Air       #.....       14%         2
 Fulminant Prism          Conj/Hex       ###.......   16%         4
 Iskenderun's Mystic Bla  Conj/Tloc      ###.....     16%         4
 Ignite Poison            Fire/Tmut/Pois #.......     26%         3
 Olgreb's Toxic Radiance  Pois           #.......     65%         4


Dungeon Overview and Level Annotations

Branches:
Dungeon (9/15)             Temple (0/1) D:7
   Lair: D:8-11         Orc: D:9-12

Altars:
Elyvilon
Nemelex Xobeh
Okawaru
Sif Muna
Trog
Uskayaw
Vehumet

Shops:
D:8 !

Annotations:
D:6 2 runed translucent doors, relicbr's ghost, novice NaIE


Innate Abilities, Weirdness & Mutations

You can breathe waves of freezing cold.
You can buffet flying creatures when you breathe cold.
Your icy white scales are hard. (AC +7)
You cannot fit into any form of body armour.
Your flesh is cold resistant. (rC+)
You are cold-blooded and may be slowed by cold attacks.


Message History

A steam dragon is nearby!
A steam dragon is nearby!
Casting: Searing Ray (safe; 1% risk of failure)
Confirm with . or Enter, or press ? or * to list all spells.
Aiming: Searing Ray (safe; 1% risk of failure)
Press: ? - help, Shift-Dir - straight line, f - steam dragon
Aim: a steam dragon (wandering, hasn't noticed you)
The searing ray hits the steam dragon!
The steam dragon is moderately wounded. (Press . to maintain the ray.)
The searing ray hits the steam dragon!
The steam dragon is almost dead.
The steam dragon breathes steam at you. The ball of steam hits you!!
* * * LOW HITPOINT WARNING * * *
The searing ray hits the steam dragon.
You kill the steam dragon!
Sif Muna accepts your kill.
You are engulfed in a cloud of scalding steam.
You die...

#.. ...# #..###.#...... #.# ##
#..# #..##.###..... #..
..##..# #..#...##†.... #.#
#.##..# #...#.#.#.#### #.#
#.##.<#####..##..#..# #.#
#.##..#.............#
#<#####.##..#.###.........#
####........#..#.####..#.#.###
................@§§..........
####.#####.###################
#.#####.# #.......# #########


There were no monsters in sight!

Vanquished Creatures
  A two-headed ogre (D:9)
  Erica (D:8)
  Grum (D:8)
  6 yaks (D:8)
  A steam dragon (D:9)
  3 sky beasts
  An ogre (D:5)
  2 phantoms
  A centaur (D:8)
  2 wolves (D:8)
  3 bullfrogs
  A wyvern skeleton (D:6)
  3 scorpions
  18 wights
  5 howler monkeys
  A centaur zombie (D:2)
  A bullfrog zombie (D:8)
  2 hounds (D:6)
  3 jellies
  A centaur skeleton (D:5)
  3 orc priests
  A bullfrog skeleton (D:6)
  2 orc wizards
  Jessica (D:2)
  2 iguanas
  Natasha (D:2)
  6 worker ants
  6 adders
  2 river rats (D:5)
  A white imp (D:7)
  An ufetubus (D:5)
  An adder skeleton (D:5)
  6 worms
  4 dart slugs (D:1)
  10 leopard geckos
  22 orcs
  5 ball pythons
  8 bats
  5 giant cockroaches
  5 goblins
  6 hobgoblins
  15 jackals
  11 kobolds
  3 quokkas
  2 frilled lizards
  9 rats
195 creatures vanquished.

Vanquished Creatures (others)
  5 plants (D:2)
5 creatures vanquished.

Grand Total: 200 creatures vanquished

Notes
Turn   | Place    | Note
-------+----------+-------------------------------------------
     0 | D:1      | marklar909 the Draconian Conjurer began the quest for the
                  | Orb.
     0 | D:1      | Reached XP level 1. HP: 14/14 MP: 3/3
   172 | D:1      | Reached XP level 2. HP: 9/20 MP: 0/5
   375 | D:1      | Learned a level 2 spell: Searing Ray
   752 | D:1      | Reached XP level 3. HP: 25/26 MP: 1/6
  2404 | D:2      | Reached XP level 4. HP: 32/33 MP: 4/7
  2873 | D:2      | Reached skill level 5 in Conjurations
  3143 | D:2      | Noticed Jessica
  3150 | D:2      | Killed Jessica
  3150 | D:2      | Reached XP level 5. HP: 38/38 MP: 4/9
  3453 | D:2      | Noticed Natasha
  3460 | D:2      | Killed Natasha
  3460 | D:2      | Reached skill level 1 in Unarmed Combat
  3867 | D:3      | Found a shimmering blue altar of Sif Muna.
  3867 | D:3      | Found a white marble altar of Elyvilon.
  3868 | D:3      | Found an iron altar of Okawaru.
  3912 | D:3      | Became a worshipper of Sif Muna the Loreminder
  4792 | D:4      | Reached XP level 6. HP: 46/46 MP: 7/10
  5488 | D:5      | Entered Level 5 of the Dungeon
  5861 | D:5      | Reached * piety under Sif Muna
  6080 | D:5      | Reached skill level 1 in Fighting
  6080 | D:5      | Your scales start taking on an icy white colour.
  6080 | D:5      | Reached XP level 7. HP: 52/52 MP: 7/12
  6080 | D:5      | Gained mutation: Your flesh is cold resistant. (rC+) [White
                  | Draconian growth]
  6868 | D:5      | Reached skill level 6 in Conjurations
  7338 | D:6      | Found a runed translucent door.
  7345 | D:6      | Noticed relicbr's ghost (novice NaIE)
  7518 | D:6      | Reached XP level 8. HP: 60/60 MP: 1/14
  8049 | D:6      | Reached ** piety under Sif Muna
  8063 | D:6      | Reached skill level 5 in Spellcasting
  8566 | D:6      | Found a runed translucent door.
  8713 | D:6      | Noticed a moth of wrath
  8716 | D:6      | Found a bloodstained altar of Trog.
  9572 | D:7      | Found a staircase to the Ecumenical Temple.
  9641 | D:7      | Reached skill level 7 in Conjurations
  9858 | D:7      | Found a radiant altar of Vehumet.
  9858 | D:7      | Found a sparkling altar of Nemelex Xobeh.
  9965 | D:7      | Reached skill level 1 in Shields
 10128 | D:8      | Found a hide-covered altar of Uskayaw.
 10538 | D:8      | Reached XP level 9. HP: 68/68 MP: 13/17
 10570 | D:8      | Found Lonazir's Distillery.
 10580 | D:8      | Bought a potion of might for 44 gold pieces
 10580 | D:8      | Bought a potion of degeneration for 11 gold pieces
 10580 | D:8      | Bought a potion of brilliance for 44 gold pieces
 10936 | D:8      | Reached skill level 5 in Dodging
 11141 | D:8      | Reached skill level 5 in Unarmed Combat
 11142 | D:8      | Reached *** piety under Sif Muna
 11358 | D:8      | Noticed Erica
 11370 | D:8      | Killed Erica
 11370 | D:8      | Reached skill level 5 in Stealth
 11370 | D:8      | Reached skill level 8 in Conjurations
 11370 | D:8      | Reached XP level 10. HP: 26/80 MP: 11/19
 11861 | D:8      | Noticed Grum
 11874 | D:8      | Killed Grum
 12296 | D:8      | Learned a level 3 spell: Dazzling Flash
 12485 | D:9      | Noticed a two-headed ogre
 12513 | D:9      | Killed a two-headed ogre
 12513 | D:9      | Reached skill level 5 in Fighting
 12520 | D:9      | Engulfed by a cloud of steam

Illustrated notes

Levels and vault maps discovered:
D:1:      dpeg_arrival_erosion, layout_loops_corners
D:2:      layout_loops_ring, serial_bayou, serial_bayou_pond_c,
          serial_bayou_shore_b, serial_bayou_pond_d, serial_bayou_shore_a,
          uniq_jessica, uniq_natasha
D:3:      layout_basic, gammafunk_temple_overflow_claw,
          minmay_fractal_squares_gapless_5
D:4:      layout_loops_ring
D:5:      layout_loops_cross, portal_sewer_entry_b, kennysheep_doodads
D:6:      layout_basic, ebering_ghost_sewer_f, chequers_serial_rivers_small_b,
          tgw_trog
D:7:      layout_rooms, gammafunk_temple_overflow_wave,
          minmay_temple_entry_statues_pillars, grunt_ministairs_7
D:8:      layout_basic, eat_drink_and_be_merry_uskayaw, serial_shops, shop,
          uniq_erica, uniq_grum
D:9:      layout_loops_ring

Skill      XL: |  1  2  3  4  5  6  7  8  9 10 |
---------------+-------------------------------+-----
Dodging        | 2 3 4 5 |  5.6
Stealth        | 2 3 4 5 |  5.1
Conjurations   | 5 6 7 8 |  8.2
Unarmed Combat | 1 2 4 5 |  5.7
Spellcasting   | 3 4 5 6 |  6.8
Fighting       | 1 2 4 5 |  5.0
Shields        | 1 3 4 |  4.5
Evocations     | |  0.1

Action                   |  1- 3 |  4- 6 |  7- 9 | 10-12 || total
-------------------------+-------+-------+-------+-------++-------
Melee: Unarmed           |    40 |    53 |    61 |       ||   154
       Tailslap          |     1 |     8 |     3 |       ||    12
       Punch             |       |     1 |     2 |       ||     3
 Cast: Magic Dart        |    42 |     1 |       |     1 ||    44
       Searing Ray       |    13 |    52 |    76 |    10 ||   151
 Abil: Breathe Frost     |       |       |     7 |     3 ||    10
Evoke: Wand              |       |       |     1 |     1 ||     2
  Use: Scroll            |       |     3 |     9 |       ||    12
Armor: Skin              |    32 |    20 |    24 |       ||    76
Dodge: Dodged            |    48 |    65 |    78 |     4 ||   195

Table legend: (Time is in decaauts)
 A = Elapsed time spent in this place.
 B = Non-inter-level travel time spent in this place.
 C = Inter-level travel time spent in this place.
 D = Time resting spent in this place.
 E = Time spent auto-exploring this place.
 F = Levels seen in this place.
 G = Mean time per level.
                   A        B        C        D        E       F      G
               +--------+--------+--------+--------+--------+-----+--------+
         Total |  12544 |  12302 |    242 |   2863 |   8060 |   9 | 1393.8 |
       Dungeon |  12544 |  12302 |    242 |   2863 |   8060 |   9 | 1393.8 |
               +--------+--------+--------+--------+--------+-----+--------+

Top non-repeatable levels by time:
     D:1: 2444 daAuts
     D:8: 2261 daAuts
     D:6: 2231 daAuts
     D:5: 1570 daAuts
     D:2: 1318 daAuts
     D:4: 1021 daAuts
     D:3: 863 daAuts
     D:7: 625 daAuts
     D:9: 206 daAuts
